Map: Prion Terraces

Players

LilDicky

  • Race: Terran Terran
  • League: Diamond

Tachion - Winner!

  • Race: Zerg Zerg

VOD

http://www.twitch.tv/tumescentpie

Description

Time

  • Played on: Dec. 7, 2015, 11:06 p.m.
  • Length: 10:27
Show
View Real Time Build Order
Export as new Build Order

LilDicky Terran 

Build Orders: Liberator Opening 

Get SALT Encoding   

  12  0:01  SCV  
  13  0:13  SCV  
  14  0:18  Supply Depot  
  14  0:26  SCV  
  15  0:30  Refinery  
  15  0:40  SCV  
  16  0:45  Barracks  
  16  0:52  SCV  
  18  1:04  SCV  
  18  1:07  Refinery  
  18  1:16  SCV  
  19  1:28  SCV  
  19  1:32  Supply Depot  
  20  1:36  Marine  
  21  1:41  Orbital Command  
  21  1:49  Factory  
  21  1:59  Barracks Reactor  
  21  2:02  Supply Depot  
  21  2:07  SCV  
  22  2:19  SCV  
  23  2:31  SCV  
  23  2:33  Armory  
  23  2:36  Factory Tech Lab, Starport  
  24  2:39  Marine  
  24  2:42  Marine  
  26  2:46  SCV  
  27  2:58  SCV, Marine  
  28  3:00  Marine  
  30  3:10  SCV  
  31  3:21  Thor  
  31  3:23  Medivac  
  39  3:31  Marine x2  
  41  3:35  Liberator  
  41  3:41  Supply Depot  
  41  3:48  SCV, Marine x2  
  47  3:57  Supply Depot  
  47  4:06  Marine x2  
  47  4:09  Supply Depot  
  49  4:16  Siege Tank  
  52  4:21  SCV  
  42  5:27  Siege Tank  
  45  5:34  Command Center  
  45  5:40  Command Center, Liberator  
  45  5:41  Supply Depot  
  45  5:42  Supply Depot  
  45  5:43  Supply Depot  
  45  5:44  Supply Depot  
  45  5:45  Supply Depot  
  43  5:54  Marine x2  
  36  6:01  SCV  
  40  6:12  Marine  
  40  6:13  SCV  
  43  6:25  SCV  
  43  6:26  Terran Vehicle And Ship Armor Level 1  
  43  6:28  Marine  
  44  6:33  Thor  
  50  6:40  Medivac  
  50  6:43  Marine  
  53  6:52  Engineering Bay  
  53  7:13  Orbital Command  
  53  7:17  SCV  
  53  7:18  Supply Depot  
  53  7:19  Refinery x2  
  54  7:27  Planetary Fortress  
  54  7:33  SCV  
  55  7:38  SCV  
  55  7:39  Marine x2  
  55  7:42  Liberator  
  58  7:45  SCV  
  59  7:55  Missile Turret  
  59  7:57  SCV, Missile Turret, Marine x2  
  62  8:00  SCV  
  66  8:08  Factory  
  58  8:38  SCV  
  59  8:41  Marine x2  
  59  8:44  SCV  
  62  8:49  Thor  
  62  8:50  Command Center  
  62  9:20  SCV  
  62  9:21  SCV x2  
  65  9:32  Thor  
  65  9:33  Factory Tech Lab  
  65  9:35  Factory  
  71  9:40  Command Center  
  68  9:48  Marine  
  61  9:53  Missile Turret  
  61  9:54  Missile Turret  
  61  9:55  Missile Turret, Marine  
  61  9:57  Missile Turret  
  67  10:06  Marine  
  65  10:16  Missile Turret  
Show
View Real Time Build Order
Export as new Build Order

Tachion Zerg - Winner!

Build Orders: Hatch First, Muta Ling Bane 

Get SALT Encoding   

  12  0:00  Drone  
  13  0:13  Overlord  
  13  0:17  Drone  
  14  0:31  Drone x2  
  14  0:35  Drone  
  17  0:54  Hatchery  
  17  0:56  Drone  
  17  1:00  Drone  
  18  1:07  Drone, Extractor  
  18  1:20  Spawning Pool  
  18  1:24  Drone  
  18  1:32  Drone  
  19  1:39  Overlord  
  19  1:50  Drone  
  20  2:07  Queen x2  
  20  2:08  Zergling x4  
  26  2:14  Metabolic Boost  
  26  2:16  Drone  
  26  2:22  Drone  
  28  2:23  Drone  
  29  2:33  Drone  
  29  2:36  Overlord  
  30  2:41  Drone  
  30  2:42  Queen  
  33  2:57  Hatchery  
  32  3:07  Drone x3  
  32  3:08  Drone x2  
  37  3:13  Overlord  
  37  3:15  Overlord  
  36  3:23  Queen  
  38  3:33  Drone x4  
  38  3:34  Drone x2  
  44  3:42  Spore Crawler  
  44  3:47  Spore Crawler  
  42  3:50  Baneling Nest  
  42  3:52  Zergling x2  
  42  3:53  Zergling x8  
  46  4:03  Queen  
  46  4:07  Overlord  
  46  4:08  Overlord  
  48  4:15  Drone  
  48  4:16  Drone x4  
  53  4:23  Queen  
  55  4:24  Overlord  
  55  4:30  Zergling x2  
  55  4:31  Zergling x4  
  57  4:45  Lair  
  57  4:46  Drone x6  
  56  5:19  Zergling x20  
  58  5:25  Zergling x2  
  60  5:29  Extractor  
  60  5:34  Baneling  
  60  5:35  Baneling x3  
  59  5:37  Zergling x2  
  59  5:38  Zergling x2  
  55  6:04  Zergling x2  
  55  6:05  Zergling x16  
  55  6:09  Extractor  
  55  6:10  Extractor  
  58  6:11  Hatchery  
  58  6:13  Drone x2  
  58  6:14  Drone  
  60  6:23  Spire  
  59  6:26  Queen  
  59  6:27  Queen  
  63  6:34  Drone x2  
  65  6:41  Drone x2  
  65  6:42  Drone x3  
  65  6:43  Evolution Chamber, Overlord x2  
  65  6:45  Evolution Chamber  
  68  7:05  Pneumatized Carapace  
  68  7:14  Overlord x3  
  68  7:15  Zerg Melee Weapons Level 1  
  68  7:16  Zerg Ground Armor Level 1  
  68  7:17  Drone  
  68  7:18  Drone x4  
  73  7:23  Centrifical Hooks  
  73  7:36  Overlord  
  73  7:38  Zerg Flyer Weapons Level 1  
  73  7:39  Hatchery  
  72  7:46  Queen  
  72  7:47  Drone  
  72  7:48  Drone x7  
  82  7:51  Extractor x2  
  82  7:56  Baneling  
  82  7:57  Baneling x5  
  69  8:22  Zergling x2  
  69  8:23  Zergling x28  
  83  8:38  Mutalisk x4  
  85  8:58  Mutalisk x5  
  85  8:59  Mutalisk x2  
  98  9:14  Zergling x14  
  102  9:22  Overlord x2  
  101  9:25  Queen  
  101  9:27  Drone  
  101  9:28  Drone x8  
  112  9:53  Infestation Pit  
  111  10:05  Zergling x2  
  111  10:06  Zergling x32  
Tags
 
Add a new tag
Caveats
  • Supply blocks, unpowered buildings, or Contaminate may cause inaccurate times.
  • Supply counts are checked every 10 seconds.